 Dungeon Crawl Stone Soup version 0.28.0-45-g0d030f2227 (webtiles) character file.

Game seed: 13923874636318673926

2723 MisterFreud the Covert (level 9, -5/74 HPs)
             Began as a Gnoll Delver on May 4, 2022.
             Was a Follower of Ru.
             Slain by an orc warrior
             ... wielding a +0 mace
              (11 damage)
             ... on level 7 of the Dungeon.
             The game lasted 00:13:29 (9941 turns).

MisterFreud the Covert (Gnoll Delver)               Turns: 9941, Time: 00:13:29

Health: -5/74      AC: 12    Str: 13    XL:     9   Next: 66%
Magic:  15/15      EV: 18    Int: 13    God:    Ru [*.....]
Gold:   250        SH:  0    Dex: 13    Spells: 16/16 levels left

rFire   . . .      SeeInvis +   a - +1 short sword
rCold   . . .      Faith    +   (no shield)
rNeg    . . .      Spirit   .   b - +0 leather armour
rPois   .          Reflect  .   w - +2 helmet {SInv}
rElec   .          Harm     .   (no cloak)
rCorr   .          Rampage  .   j - +2 pair of gloves
Will    .....                   m - +1 pair of boots
Stlth   ++++......              o - amulet of faith
HPRegen 1.02/turn               B - +4 ring of evasion
MPRegen 0.14/turn               (no ring)

@: no status effects
A: fangs 1, weak-willed 1, strong nose, distributed training, regeneration 1
a: Renounce Religion


You were on level 7 of the Dungeon.
You worshipped Ru.
Ru was aware of your devotion.
You visited 1 branch of the dungeon, and saw 7 of its levels.

You collected 250 gold pieces.

Inventory:

Hand Weapons
 a - a +1 short sword (weapon)
Missiles
 u - 5 poisoned darts (quivered)
 y - 5 silver javelins
 C - 2 atropa-tipped darts
 E - a throwing net
Armour
 b - a +0 leather armour (worn)
 j - a +2 pair of gloves (worn)
 m - a +1 pair of boots (worn)
 w - a +2 helmet of see invisible (worn)
Jewellery
 i - an amulet of the acrobat
 o - an amulet of faith (around neck)
 r - an amulet of regeneration
 B - a +4 ring of evasion (left hand)
Wands
 g - a wand of digging (3)
 h - a wand of acid (10)
 z - a wand of mindburst (8)
 F - a wand of flame (26)
Scrolls
 c - a scroll of fog
 d - a scroll of magic mapping
 e - a scroll of fear
 n - 2 scrolls of enchant armour
 p - a scroll of amnesia
 s - 2 scrolls of blinking {unknown}
 x - a scroll of teleportation
Potions
 f - a potion of haste
 q - a potion of brilliance
 v - a potion of magic
 A - a potion of lignification


   Skills:
 + Level 8.0 Fighting
 + Level 6.5 Short Blades
 + Level 4.4 Long Blades
 + Level 4.4 Axes
 + Level 4.4 Maces & Flails
 + Level 4.4 Polearms
 + Level 4.4 Staves
 + Level 4.4 Slings
 + Level 4.4 Bows
 + Level 4.4 Crossbows
 + Level 4.4 Throwing
 + Level 4.4 Armour
 + Level 6.5 Dodging
 + Level 10.6 Stealth
 + Level 4.4 Shields
 + Level 4.4 Unarmed Combat
 + Level 4.4 Spellcasting
 + Level 3.7 Conjurations
 + Level 3.7 Hexes
 + Level 3.7 Summonings
 + Level 3.7 Necromancy
 + Level 3.7 Translocations
 + Level 3.7 Transmutations
 + Level 3.7 Fire Magic
 + Level 3.7 Ice Magic
 + Level 3.7 Air Magic
 + Level 3.7 Earth Magic
 + Level 3.7 Poison Magic
 + Level 4.9 Invocations
 + Level 4.4 Evocations


You had 16 spell levels left.
You didn't know any spells.
Your spell library contained the following spells:

 Spells                   Type           Power      Damage    Failure   Level
 Blink                    Tloc           24%        N/A       9%          2
 Lesser Beckoning         Tloc           12%        N/A       16%         3
 Manifold Assault         Tloc           12%        N/A       83%         5
 Storm Form               Tmut/Air       6%         N/A       100%        7


Dungeon Overview and Level Annotations

Branches:
Dungeon (7/15)
 Temple: D:4-7

Altars:
Hepliaklqana
Kikubaaqudgha
Ru
Uskayaw
Vehumet
Zin

Annotations:
D:5 Duvessa


Innate Abilities, Weirdness & Mutations

You have very sharp teeth.
You are slightly weak-willed. (Will-)
Your uncanny sense of smell can sniff out nearby items.
Your experience applies equally to all skills.
Your natural rate of healing is unusually fast.


Message History

You are too injured to fight recklessly!
You're too confused to move!
The orc wizard gestures at you while chanting.
The puff of flame misses you. The orc warrior barely misses you.
You miss the orc warrior.
You punch the orc warrior, but do no damage.
Your bite misses the orc warrior.
The orc warrior is almost dead.
The orc wizard hits you but does no damage.
The orc warrior hits you but does no damage.
You hit the orc warrior but do no damage.
The orc warrior is almost dead.
The orc wizard hits you with a +4 dagger.
The orc warrior hits you with a +0 mace.
You are too injured to fight recklessly!
You hit the orc warrior but do no damage.
The orc warrior is almost dead.
The orc wizard mumbles some strange words.
The orc wizard flickers and vanishes for a moment.
You are too injured to fight recklessly!
You closely miss the orc warrior.
The orc warrior is almost dead.
The orc warrior hits you with a +0 mace!
* * * LOW HITPOINT WARNING * * *
You bump into the rock wall.
The orc wizard hits you with a +4 dagger.
* * * LOW HITPOINT WARNING * * *
The orc warrior hits you with a +0 mace!
* * * LOW HITPOINT WARNING * * *
You are too injured to fight recklessly!
You closely miss the orc warrior. Your punch misses the orc warrior.
The orc warrior is almost dead.
The orc wizard barely misses you.
The orc warrior hits you but does no damage.
You hit the orc warrior but do no damage.
The orc warrior is almost dead.
You feel less confused. The orc wizard closely misses you.
The orc warrior hits you with a +0 mace!
You die...

#########
#@o......
#o#######
#o# #o#
#o# #.#
#.# #.#


You could see an orc warrior, an orc wizard (invisible) and 3 orcs.

Vanquished Creatures
  Pikel (D:4)
  Sigmund (D:4)
  A steam dragon (D:6)
  Edmund (D:5)
  An acid dragon (D:7)
  A necrophage (D:4)
  5 ogres
  A scorpion (D:4)
  2 water moccasin zombies (D:5)
  Dowan (D:5)
  4 killer bees
  A howler monkey (D:6)
  A bullfrog zombie (D:5)
  3 centaur zombies
  4 hounds
  2 bullfrog skeletons (D:6)
  A human zombie (D:5)
  2 orc priests
  A centaur skeleton (D:7)
  An iguana (D:3)
  3 orc wizards
  A scorpion zombie (D:5)
  2 howler monkey zombies (D:5)
  3 mummies (D:5)
  3 howler monkey skeletons
  14 gnolls
  9 adders
  2 white imps
  An ufetubus (D:4)
  A worm (D:2)
  4 dart slugs
  15 orcs
  3 ball pythons
  2 bats (D:1)
  6 endoplasms
  A giant cockroach (D:2)
  A goblin (D:2)
  2 hobgoblins
  8 jackals
  2 kobolds
  6 quokkas
  2 frilled lizards
  5 rats
  A spectral hobgoblin (D:4)
132 creatures vanquished.

Notes
Turn   | Place    | Note
-------+----------+-------------------------------------------
     0 | D:5      | Reached skill level 9 in Stealth
     0 | D:5      | MisterFreud the Gnoll Delver began the quest for the Orb.
     0 | D:5      | Reached XP level 1. HP: 23/23 MP: 1/1
     1 | D:6      | Noticed an ogre
     1 | D:6      | Noticed a water moccasin zombie
    19 | D:5      | Reached XP level 2. HP: 29/29 MP: 2/2
   532 | D:4      | Reached XP level 3. HP: 35/35 MP: 3/3
   844 | D:4      | Reached skill level 1 in Invocations
   863 | D:4      | Noticed a lemure
   863 | D:4      | Noticed a lemure
   864 | D:4      | Noticed Pikel
   865 | D:4      | Reached skill level 1 in Long Blades
   865 | D:4      | Reached skill level 1 in Axes
   865 | D:4      | Reached skill level 1 in Maces & Flails
   865 | D:4      | Reached skill level 1 in Polearms
   865 | D:4      | Reached skill level 1 in Staves
   865 | D:4      | Reached skill level 1 in Slings
   865 | D:4      | Reached skill level 1 in Bows
   865 | D:4      | Reached skill level 1 in Crossbows
   865 | D:4      | Reached skill level 1 in Throwing
   865 | D:4      | Reached skill level 1 in Armour
   865 | D:4      | Reached skill level 1 in Shields
   865 | D:4      | Reached skill level 1 in Unarmed Combat
   865 | D:4      | Reached skill level 1 in Spellcasting
   865 | D:4      | Reached skill level 1 in Evocations
   890 | D:3      | Reached XP level 4. HP: 34/41 MP: 5/5
  1052 | D:2      | Reached skill level 1 in Conjurations
  1052 | D:2      | Reached skill level 1 in Hexes
  1052 | D:2      | Reached skill level 1 in Summonings
  1052 | D:2      | Reached skill level 1 in Necromancy
  1052 | D:2      | Reached skill level 1 in Translocations
  1052 | D:2      | Reached skill level 1 in Transmutations
  1052 | D:2      | Reached skill level 1 in Fire Magic
  1052 | D:2      | Reached skill level 1 in Ice Magic
  1052 | D:2      | Reached skill level 1 in Air Magic
  1052 | D:2      | Reached skill level 1 in Earth Magic
  1052 | D:2      | Reached skill level 1 in Poison Magic
  2396 | D:2      | Reached XP level 5. HP: 47/47 MP: 5/7
  3118 | D:3      | Found a faded altar of an unknown god.
  3123 | D:3      | Found a glowing silver altar of Zin.
  3349 | D:3      | Found a hide-covered altar of Uskayaw.
  3753 | D:3      | Found a sacrificial altar of Ru.
  4050 | D:3      | Became a worshipper of Ru the Awakened
  4197 | D:4      | Reached XP level 6. HP: 29/53 MP: 8/8
  4355 | D:4      | Reached skill level 5 in Short Blades
  4355 | D:4      | Reached skill level 5 in Dodging
  4366 | D:4      | Killed Pikel
  4367 | D:4      | Reached skill level 10 in Stealth
  4367 | D:4      | Reached XP level 7. HP: 37/60 MP: 9/11
  4543 | D:4      | Noticed Sigmund
  4573 | D:4      | Killed Sigmund
  4574 | D:4      | Reached XP level 8. HP: 22/67 MP: 12/12
  4948 | D:4      | Found a hazy altar of Hepliaklqana.
  5860 | D:5      | Noticed Edmund
  5941 | D:4      | HP: 1/56 [killer bee (4)]
  7058 | D:5      | Noticed Dowan
  7087 | D:5      | Killed Dowan
  7738 | D:5      | Killed Edmund
  7739 | D:5      | Reached XP level 9. HP: 70/70 MP: 14/14
  8278 | D:5      | Noticed Duvessa
  8366 | D:5      | Found an ancient bone altar of Kikubaaqudgha.
  8408 | D:5      | Gained mutation: You are slightly weak-willed. (Will-) [Ru
                  | sacrifice]
  8408 | D:5      | Reached * piety under Ru
  8856 | D:6      | Found a radiant altar of Vehumet.
  9729 | D:6      | Gained mutation: Your natural rate of healing is unusually
                  | fast. [potion of mutation]
  9821 | D:7      | Noticed a two-headed ogre
  9824 | D:7      | Noticed a kobold demonologist
  9941 | D:7      | Slain by an orc warrior

Illustrated notes

Levels and vault maps discovered:
D:1:      dpeg_arrival_court, layout_basic, chequers_serial_rivers_micro_b
D:2:      layout_basic, kennysheep_nub
D:3:      layout_basic, mainiacjoe_overflow_boulevard, hangedman_ru_absence,
          mainiacjoe_overflow_small_starburst,
          shapermc_ecumenical_altar_mp_highgroup, serial_co_window_serial,
          co_window_paths_a, co_window_paths_b, co_window_paths_b,
          co_window_of_opportunity_a, co_window_paths_b, co_window_paths_b,
          co_window_paths_a, co_window_of_opportunity_b, co_window_broadway_c,
          co_window_unsneaky_path_d, co_window_broadway_c, glass_columns_b,
          glass_columns_c, glass_columns_b, glass_columns_a, glass_columns_b
D:4:      layout_loops_corners, nicolae_hepliaklqana_monster_ancestors,
          uniq_sigmund, uniq_pikel
D:5:      layout_layer_cave, lemuel_mausoleum_altar_kikubaaqudgha, uniq_edmund,
          uniq_duvessa
D:6:      layout_rooms, nicolae_overflow_crystal_walls, kennysheep_little_box,
          st_stairs_14
D:7:      layout_loops_ring, nemelex_dance_club_becter,
          mainiacjoe_overflow_swirl, temple_doors_e

Skill      XL: |  1  2  3  4  5  6  7  8  9 |
---------------+----------------------------+-----
Stealth        | 10 | 10.6
Invocations    | 1 2 3 4 |  4.9
Long Blades    | 1 2 3 4 |  4.4
Axes           | 1 2 3 4 |  4.4
Maces & Flails | 1 2 3 4 |  4.4
Polearms       | 1 2 3 4 |  4.4
Staves         | 1 2 3 4 |  4.4
Slings         | 1 2 3 4 |  4.4
Bows           | 1 2 3 4 |  4.4
Crossbows      | 1 2 3 4 |  4.4
Throwing       | 1 2 3 4 |  4.4
Armour         | 1 2 3 4 |  4.4
Shields        | 1 2 3 4 |  4.4
Unarmed Combat | 1 2 3 4 |  4.4
Spellcasting   | 1 2 3 4 |  4.4
Evocations     | 1 2 3 4 |  4.4
Conjurations   | 1 2 3 |  3.7
Hexes          | 1 2 3 |  3.7
Summonings     | 1 2 3 |  3.7
Necromancy     | 1 2 3 |  3.7
Translocations | 1 2 3 |  3.7
Transmutations | 1 2 3 |  3.7
Fire Magic     | 1 2 3 |  3.7
Ice Magic      | 1 2 3 |  3.7
Air Magic      | 1 2 3 |  3.7
Earth Magic    | 1 2 3 |  3.7
Poison Magic   | 1 2 3 |  3.7
Short Blades   | 5 6 |  6.5
Dodging        | 5 6 |  6.5
Fighting       | 7 8 |  8.0

Action                   |  1- 3 |  4- 6 |  7- 9 || total
-------------------------+-------+-------+-------++-------
Melee: Short sword       |    58 |   220 |   608 ||   886
       Bite              |     4 |    24 |    72 ||   100
       Punch             |       |     6 |    17 ||    23
Invok: Sacrifice Essence |       |       |     1 ||     1
  Use: Potion            |       |     1 |    10 ||    11
       Scroll            |       |       |    15 ||    15
 Stab: Sleeping          |     5 |    13 |    16 ||    34
       Invisible         |       |     3 |       ||     3
       Distracted        |       |       |     4 ||     4
Armor: Leather armour    |     9 |    33 |   181 ||   223
Dodge: Dodged            |    33 |   132 |   441 ||   606
